 Seeded DCSS version 0.31-a0-133-gaae73658be (webtiles) character file.

Game seed: 917754921043525618 (custom seed)

2632 Pimp the Digger (level 9, -1/53 HPs)
             Began as a Gargoyle Earth Elementalist on June 2, 2023.
             Was a Believer of Vehumet.
             Slain by an orange demon (11 damage)
             ... led by Amaemon
             ... on level 8 of the Dungeon.
             The game lasted 00:22:28 (7945 turns).

Pimp the Digger (Gargoyle Earth Elementalist)       Turns: 7945, Time: 00:22:28

Health: -1/53      AC: 10    Str: 18    XL:     9   Next: 61%
Magic:  7/15       EV: 12    Int: 24    God:    Vehumet [**....]
Gold:   464        SH:  0    Dex: 10    Spells: 7/16 levels left

rFire   . . .        k - +8 mace of the Neverending Nights {freeze, rC+ Int+4 SInv Stlth+}
rCold   + . .        (no shield)
rNeg    + . .        q - +0 leather armour
rPois   ∞            (no helmet)
rElec   +            (no cloak)
rCorr   .            (no gloves)
SInv    +            (no boots)
Will    +....        h - amulet of Xom's Malicious Joy {Acrobat rPois Str+3 Int+3}
Stlth   +++          j - ring of willpower
HPRegen 0.28/turn    (no ring)
MPRegen 0.14/turn

%: acrobat
@: freezing walls
A: sickness immunity, AC +6, negative energy resistance 1, electricity
resistance, torment resistance 1, petrification resistance
a: Renounce Religion


You were on level 8 of the Dungeon.
You worshipped Vehumet.
Vehumet was pleased with you.
You visited 1 branch of the dungeon, and saw 8 of its levels.
You also visited: Sewer.

You collected 464 gold pieces.

Inventory:

Hand Weapons
 c - a +1 club
 k - the +8 mace of the Neverending Nights (weapon) {freeze, rC+ Int+4 SInv Stlth+}
   (You found it on level 2 of the Dungeon)

   Int:       It affects your intelligence (+4).
   rC:        It protects you from cold.
   SInv:      It lets you see invisible.
   Stlth:     It makes you more stealthy.
Missiles
 e - 2 throwing nets
 l - 21 poisoned darts
Armour
 a - a +1 robe
 n - a +0 chain mail
 q - a +0 leather armour (worn)
Jewellery
 h - the amulet of Xom's Malicious Joy (around neck) {Acrobat rPois Str+3 Int+3}
   (You found it on level 6 of the Dungeon)

   [amulet of the acrobat]

   It increases your evasion while moving and waiting.
   Str:       It affects your strength (+3).
   Int:       It affects your intelligence (+3).
   rPois:     It protects you from poison.
 j - a ring of willpower (left hand)
Wands
 d - a wand of roots (6)
 y - a wand of mindburst (8)
Scrolls
 i - 2 scrolls of magic mapping
 p - a scroll of amnesia
 r - 3 scrolls of immolation
Potions
 b - 2 potions of magic
 f - 2 potions of haste
 m - a potion of lignification
 o - a potion of curing
 s - 4 potions of berserk rage
 t - 2 potions of degeneration
 v - a potion of mutation
 x - a potion of might


   Skills:
 + Level 4.8 Fighting
 + Level 4.5 Maces & Flails
 + Level 4.9 Armour
 + Level 4.1 Dodging
 - Level 2.1 Stealth
 + Level 4.4 Spellcasting
 + Level 3.6 Transmutations
 + Level 3.7 Ice Magic
 + Level 6.4 Earth Magic


You had 7 spell levels left.
You knew the following spells:

 Your Spells              Type           Power      Damage    Failure   Level
a - Sandblast             Erth           72%        2d16      1%          1
b - Freeze                Ice            92%        1d9       2%          1
c - Stone Arrow           Conj/Erth      40%        3d9       9%          3
d - Frozen Ramparts       Ice            46%        1d7       7%          3
e - Shock                 Conj/Air       20%        1d4       11%         1

Your spell library contained the following spells:

 Spells                   Type           Power      Damage    Failure   Level
 Passwall                 Tmut/Erth      24%        N/A       1%          2
 Sting                    Tmut/Pois      56%        1d5       5%          1
 Summon Small Mammal      Summ           20%        N/A       11%         1
 Petrify                  Tmut/Erth      29%        N/A       14%         4
 Hailstorm                Conj/Ice       14%        3d5       16%         3
 Poisonous Vapours        Pois/Air       10%        N/A       17%         2
 Call Canine Familiar     Summ           5%         N/A       32%         3
 Summon Guardian Golem    Hex/Summ       5%         N/A       32%         3
 Olgreb's Toxic Radiance  Pois           5%         N/A       73%         4
 Irradiate                Conj/Tmut      7%         3d14      82%         5
 Sublimation of Blood     Necr           Unusable   N/A       N/A         2

Dungeon Overview and Level Annotations

Branches:
Dungeon (8/15)             Temple (0/1) D:6           Sewer (visited)
   Lair: D:8-11

Altars:
Ashenzari
Fedhas
Gozag
Makhleb
Vehumet
Yredelemnul

Annotations:
D:8 Amaemon


Innate Abilities, Weirdness & Mutations

You are immune to sickness and miasma.
Your stone body is resilient. (AC +6)
You are immune to poison.
You resist negative energy. (rN+)
You are resistant to electric shocks. (rElec)
You are resistant to unholy torment.
You are immune to petrification.


Message History

You kill the water moccasin!
Vehumet accepts your kill.
You feel your power returning. The orange demon closely misses you.
The orange demon stings you but does no damage.
Casting: Frozen Ramparts (dangerous; 7% risk of failure)
Confirm with . or Enter, or press ? or * to list all spells.
Casting: Frozen Ramparts (dangerous; 7% risk of failure)
Press: ? - help, Dir - look around, f - activate The walls around you are covered in ice.
The wall freezes the orange demon!
The orange demon stings you from afar!
You closely miss Amaemon.
Amaemon is lightly wounded.
The wall freezes the orange demon.
The orange demon stings you from afar!
The wall freezes Amaemon but does no damage.
Amaemon hits you with a -1 demon whip of venom!
* * * LOW HITPOINT WARNING * * *
Amaemon claws you but does no damage. Amaemon closely misses you.
The wall freezes the lemure.
You feel better.
The wall freezes the orange demon.
The orange demon stings you from afar!
* * * LOW HITPOINT WARNING * * *
The wall freezes Amaemon.
Amaemon closely misses you. Amaemon barely misses you. Amaemon tail-slaps you.
* * * LOW HITPOINT WARNING * * *
Okay, then.
As you read the scroll of fear, it crumbles to dust.
You assume a fearsome visage.
The lemure looks frightened!
Amaemon looks frightened!
The orange demon easily resists.
The wall freezes the orange demon.
The orange demon stings you but does no damage.
The wall freezes Amaemon.
Your attack snaps Amaemon out of his fear.
Amaemon closely misses you. Amaemon claws you but does no damage.
Amaemon tail-slaps you but does no damage.
The wall freezes the lemure.
Your attack snaps the lemure out of its fear.
You feel better.
The wall freezes the orange demon but does no damage.
The orange demon stings you from afar!
You die...

#............).(..#
#.#########.......#
####.#########.#######
............##.##
####.######.....# #.#
####..# #.# #..# #(#
#..###### #.#
##†@....#
#.##########6######
#.......46.4.....#
#####.##..###.# #
...... ..P.....#
.P....P...#
.P.PP..P..PP
#.P.P..PPP...


You could see Amaemon and an orange demon.

Vanquished Creatures
  Grinder (D:5)
  A steam dragon (D:7)
  2 water moccasins (D:8)
  An ice beast (D:6)
  A sky beast (D:7)
  4 ogres
  A centaur (D:8)
  A phantom (D:5)
  2 kobold brigands
  Blork the orc (D:4)
  3 bullfrogs
  2 scorpions
  3 killer bees (D:7)
  2 quasits (Sewer)
  A gnoll bouda (D:6)
  5 hounds
  An iguana (D:7)
  2 orc wizards
  Natasha (twice) (D:3)
  9 gnolls
  9 adders
  2 river rats (D:5)
  2 shadow imps
  3 white imps
  5 ufetubi (Sewer)
  3 dart slugs
  13 orcs
  6 endoplasms
  3 giant cockroaches
  3 goblins
  6 hobgoblins
  10 jackals
  4 quokkas
  14 ball pythons
  8 bats
  4 frilled lizards
  25 kobolds
  9 rats
  A spectral orc (D:5)
175 creatures vanquished.

Vanquished Creatures (collateral kills)
  A hound (D:4)
  A kobold (Sewer)
2 creatures vanquished.

Vanquished Creatures (others)
  An endoplasm (Sewer)
1 creature vanquished.

Grand Total: 178 creatures vanquished

Notes
Turn   | Place    | Note
-------+----------+-------------------------------------------
     0 | D:1      | Pimp the Gargoyle Earth Elementalist began the quest for
                  | the Orb.
     0 | D:1      | Reached XP level 1. HP: 10/10 MP: 3/3
    75 | D:1      | Reached XP level 2. HP: 15/16 MP: 0/5
   147 | D:1      | Reached skill level 1 in Transmutations
   340 | D:1      | You fall into a shaft and drop 1 floor!
   446 | D:2      | Reached skill level 1 in Fighting
   446 | D:2      | Reached XP level 3. HP: 20/20 MP: 3/6
   595 | D:2      | Identified the +8 mace of the Neverending Nights {freeze,
                  | rC+ Int+4 SInv Stlth+}
   611 | D:2      | Reached skill level 1 in Maces & Flails
   611 | D:2      | Reached skill level 1 in Armour
   780 | D:2      | Reached XP level 4. HP: 25/25 MP: 5/7
   864 | D:2      | Found a faded altar of an unknown god.
  1040 | D:2      | Reached skill level 4 in Earth Magic
  1902 | D:3      | Noticed Natasha
  1909 | D:3      | Killed Natasha
  1910 | D:3      | Reached XP level 5. HP: 24/30 MP: 4/8
  1914 | D:3      | Noticed Natasha
  1920 | D:3      | Killed Natasha
  2438 | D:3      | Learned a level 1 spell: Freeze
  2442 | D:3      | Learned a level 3 spell: Stone Arrow
  2671 | D:4      | Found a broken altar of Ashenzari.
  2701 | D:4      | Reached XP level 6. HP: 29/35 MP: 5/10
  2737 | D:4      | Noticed Blork the orc
  2740 | D:4      | Killed Blork the orc
  2741 | D:4      | Reached skill level 1 in Ice Magic
  3214 | D:4      | Found a radiant altar of Vehumet.
  3219 | D:4      | Became a worshipper of Vehumet
  3539 | D:5      | Entered Level 5 of the Dungeon
  3571 | D:5      | Reached XP level 7. HP: 31/40 MP: 11/11
  3581 | D:5      | Found a glowing drain.
  3585 | Sewer    | Entered a sewer
  3638 | Sewer    | Learned a level 3 spell: Frozen Ramparts
  3716 | Sewer    | Reached * piety under Vehumet
  3716 | Sewer    | Offered knowledge of Kiss of Death by Vehumet.
  3728 | Sewer    | Found a burning altar of Makhleb.
  3873 | Sewer    | Noticed Grinder
  4006 | D:5      | Killed Grinder
  4007 | D:5      | Reached skill level 5 in Earth Magic
  4116 | D:5      | Reached XP level 8. HP: 39/46 MP: 11/13
  4205 | D:5      | Offered knowledge of Shock by Vehumet.
  4210 | D:5      | Learned a level 1 spell: Shock
  4746 | D:5      | Reached ** piety under Vehumet
  4999 | D:5      | Found a basalt altar of Yredelemnul.
  5597 | D:6      | Found a burning altar of Makhleb.
  5603 | D:6      | Found a staircase to the Ecumenical Temple.
  5606 | D:6      | Found a blossoming altar of Fedhas.
  5611 | D:6      | Identified the amulet of Xom's Malicious Joy {Acrobat rPois
                  | Str+3 Int+3}
  5949 | D:6      | Reached XP level 9. HP: 50/52 MP: 13/15
  6473 | D:7      | Reached skill level 6 in Earth Magic
  6518 | D:7      | Found an opulent altar of Gozag.
  6749 | D:7      | Identified the +0 leather armour of the Loofah {rElec rF-
                  | Str+2}
  7923 | D:8      | Noticed an orange demon
  7924 | D:8      | Noticed Amaemon
  7943 | D:8      | HP: 2/53 [Amaemon/-1 demon whip of venom (3)]
  7945 | D:8      | Slain by an orange demon

Illustrated notes

Levels and vault maps discovered:
D:1:      minmay_arrival_cross, layout_basic, minmay_octomino_j4
D:2:      layout_basic, hellmonk_ecumenical_altar_inner_sanctum
D:3:      layout_loops_ring, uniq_natasha
D:4:      layout_gridville, lemuel_tele_altar, kennysheep_little_box,
          uniq_blork_the_orc
D:5:      layout_basic, yredelemnul_forgotten_temple_becter,
          gup_sewer_entry_bowl
D:6:      layout_basic, minitemple, temple_pool_b
D:7:      layout_basic, nicolae_overflow_hidden_temple
D:8:      layout_loops_ring, due_lair_maze_entry_diamond, serial_shops,
          nicolae_shop_drivethru, nicolae_shop_crystal, shop,
          nicolae_shop_real_fake_doors,
          nicolae_shop_temple_entry_statues_fountains, kennysheep_another_room,
          dk_vineyard_1, uniq_pikel, uniq_amaemon

Skill      XL: |  1  2  3  4  5  6  7  8  9 |
---------------+----------------------------+-----
Transmutations | 1 2 3 |  3.6
Fighting       | 1 2 3 4 |  4.8
Maces & Flails | 1 2 3 4 |  4.5
Armour         | 1 2 3 4 |  4.9
Dodging        | 2 3 4 |  4.1
Earth Magic    | 4 5 6 |  6.4
Ice Magic      | 1 2 3 |  3.7
Spellcasting   | 3 4 |  4.4
Stealth        | |  2.1

Action                     |  1- 3 |  4- 6 |  7- 9 || total
---------------------------+-------+-------+-------++-------
  Melee: Club              |    29 |       |       ||    29
         Punch             |     1 |       |       ||     1
         Mace              |     8 |    47 |   204 ||   259
   Cast: Sandblast         |    24 |    66 |    22 ||   112
         Stone Arrow       |       |     5 |    16 ||    21
         Frozen Ramparts   |       |       |     8 ||     8
         Freeze            |       |       |     2 ||     2
         Shock             |       |       |    50 ||    50
    Use: Scroll            |       |     1 |    19 ||    20
         Potion            |       |     1 |     5 ||     6
   Stab: Sleeping          |     2 |     5 |     3 ||    10
 Armour: Robe              |    22 |    25 |   112 ||   159
         Skin              |       |     2 |       ||     2
         Leather armour    |       |       |    42 ||    42
  Dodge: Dodged            |    58 |    48 |   245 ||   351

Table legend: (Time is in decaauts)
 A = Elapsed time spent in this place.
 B = Non-inter-level travel time spent in this place.
 C = Inter-level travel time spent in this place.
 D = Time resting spent in this place.
 E = Time spent auto-exploring this place.
 F = Levels seen in this place.
 G = Mean time per level.
                   A        B        C        D        E       F      G
               +--------+--------+--------+--------+--------+-----+--------+
         Total |   8060 |   7784 |    276 |   1101 |   5318 |   9 |  895.6 |
       Dungeon |   7726 |   7450 |    276 |   1024 |   5232 |   8 |  965.8 |
         Sewer |    334 |    334 |      0 |     77 |     85 |   1 |  334.0 |
               +--------+--------+--------+--------+--------+-----+--------+

Top non-repeatable levels by time:
     D:5: 1596 daAuts
     D:7: 1349 daAuts
     D:4: 1110 daAuts
     D:6: 1036 daAuts
     D:3: 873 daAuts
     D:2: 872 daAuts
     D:1: 748 daAuts
   Sewer: 334 daAuts
     D:8: 138 daAuts
